 Dungeon Crawl Stone Soup version 0.17.0-28-g6e173f8 (webtiles) character file.

61 GeneralIdiocy the Conjurer (level 4, -4/26 HPs)
             Began as a Tengu Conjurer on Dec 2, 2015.
             Shot with an arrow of flame by a centaur (10 damage)
             ... on level 3 of the Dungeon.
             The game lasted 00:04:56 (2639 turns).

GeneralIdiocy the Conjurer (Tengu Conjurer)         Turns: 2639, Time: 00:04:56

Health: -4/26      AC:  4    Str:  8    XL:     4   Next: 7%
Magic:  1/8        EV:  7    Int: 17    God:
Gold:   76         SH:  0    Dex: 14    Spells: 3 memorised, 0 levels left

rFire  . . .     SeeInvis .     d - +0 mace
rCold  . . .     Clarity  .     f - +0 leather armour
rNeg   . . .     SustAt   .     (no shield)
rPois  .         Gourm    .     (helmet restricted)
rElec  .         Spirit   .     (no cloak)
rCorr  .         Warding  .     q - +0 pair of gloves
rMut   .         Stasis   .     (boots unavailable)
MR     .....                    (no amulet)
Stlth  ++........               (no ring)
                                m - ring of wizardry

@: not resistant to hostile enchantments, unstealthy
A: beak, talons 3
a: no special abilities


You were on level 3 of the Dungeon.
You were not hungry.

You visited 1 branch of the dungeon, and saw 3 of its levels.

You collected 76 gold pieces.

Inventory:

Hand Weapons
 d - a +0 mace (weapon)
Armour
 f - a +0 leather armour (worn)
 q - a +0 pair of gloves (worn)
Jewellery
 e - an uncursed ring of ice
 k - an uncursed ring of ice
 m - a ring of wizardry (left hand)
Scrolls
 g - a scroll of identify {unknown}
 h - a scroll of teleportation {unknown}
 i - a scroll of random uselessness {unknown}
 j - a scroll of remove curse {unknown}
 l - a scroll of amnesia {unknown}
Potions
 a - 2 potions of degeneration {unknown}
 p - a potion of mutation {unknown}
Books
 b - a book of Conjurations

   Spells                             Type                      Level
   a - Magic Dart                     Conjuration                  1
   b - Searing Ray                    Conjuration                  2
   c - Dazzling Spray                 Conjuration/Hexes            3
   d - Fulminant Prism                Conjuration/Hexes            4
   e - Iskenderun's Mystic Blast      Conjuration                  4
   f - Iskenderun's Battlesphere      Conjuration/Charms           5
Comestibles
 c - a bread ration
 n - a meat ration
 o - a beef jerky


   Skills:
 + Level 2.0 Fighting
 - Level 2.1 Dodging
 - Level 2.0 Stealth
 - Level 2.0 Spellcasting
 * Level 6.6 Conjurations


You couldn't memorise any spells.
You knew the following spells:

 Your Spells              Type           Power        Failure   Level  Hunger
a - Magic Dart            Conj           ###.         1%          1    #......
b - Searing Ray           Conj           ###...       1%          2    ###....
c - Iskenderun's Mystic   Conj           ###.....     9%          4    #####..


Dungeon Overview and Level Annotations

Branches:
Dungeon (3/15)

Altars:
Nemelex Xobeh


Innate Abilities, Weirdness & Mutations

You have a beak for a mouth.
You have claws for feet.


Message History

The centaur unwields an uncursed shortbow.
The centaur hits you.
Casting: Iskenderun's Mystic Blast
Confirm with . or Enter, or press ? or * to list all spells.
Aiming: Searing Ray
Press: ? - help, Shift-Dir - straight line, f/p - centaur
Aim: a centaur (moderately wounded)
The searing ray hits the centaur.
The centaur is heavily wounded.
The centaur hits you. x2
* * * LOW HITPOINT WARNING * * *
An orc comes into view. It is wielding a flail.
Without enough magic to sustain it, your searing ray dissipates.
The centaur barely misses you.
The orc shouts!
There is a stone staircase leading up here.
The orc barely misses you.
The centaur wields an uncursed shortbow.
The centaur shoots an arrow of flame.
The arrow of flame hits you!
You die...

#.... .#
.... #.#
#..##..#
..#..#
#...######
#..##.....
####.....##
#.@......(#
#..oc.....#
#...l.(...#
#####.#####
#....#
#....#
#....#
#....#
#.o..#


You could see a centaur, an orc and a giant newt.

Vanquished Creatures
  An adder (D:2)
  An ooze (D:1)
  2 worms (D:2)
  3 giant cockroaches (D:1)
  9 goblins
  4 hobgoblins
  2 jackals (D:1)
  5 kobolds
  8 bats
  2 giant newts
  6 rats
43 creatures vanquished.

Notes
Turn   | Place    | Note
--------------------------------------------------------------
     0 | D:1      | GeneralIdiocy the Tengu Conjurer began the quest for the Orb.
     0 | D:1      | Reached XP level 1. HP: 10/10 MP: 4/4
   103 | D:1      | Reached XP level 2. HP: 5/16 MP: 1/6
   107 | D:1      | Learned a level 2 spell: Searing Ray
   351 | D:1      | Reached skill level 1 in Fighting
   793 | D:1      | Reached skill level 6 in Conjurations
   832 | D:1      | Reached XP level 3. HP: 18/20 MP: 4/7
  1792 | D:2      | Found a sparkling altar of Nemelex Xobeh.
  2198 | D:2      | Reached XP level 4. HP: 26/26 MP: 4/8
  2220 | D:2      | Learned a level 4 spell: Iskenderun's Mystic Blast
  2408 | D:3      | Noticed a centaur
  2639 | D:3      | Shot with an arrow of flame by a centaur

Action                   |  1- 3 |  4- 6 || total
-------------------------+-------+-------++-------
Melee: Mace              |    20 |     3 ||    23
 Cast: Magic Dart        |    27 |     3 ||    30
       Searing Ray       |    16 |     1 ||    17
       Iskenderun's Myst |       |     2 ||     2
 Stab: Sleeping          |     1 |       ||     1
  Eat: Chunk             |     5 |     2 ||     7
